 Dungeon Crawl Stone Soup version 0.26-a0-597-gb535b0901c (webtiles) character file.

Game seed: 7085741724084152777

360 Alarkh the Insei (level 6, 48/48 HPs)
             Began as a Demonspawn Gladiator on Sept 12, 2020.
             Got out of the dungeon alive.
             The game lasted 00:02:56 (3977 turns).

Alarkh the Insei (Demonspawn Gladiator)             Turns: 3977, Time: 00:02:56

Health: 48/48      AC:  7    Str: 14    XL:     6   Next: 38%
Magic:  6/6        EV: 16    Int: 11    God:
Gold:   251        SH:  0    Dex: 15    Spells: 5/5 levels left

rFire    . . .     SeeInvis .     - Unarmed
rCold    . . .     Faith    .   (no shield)
rNeg     . . .     Spirit   .   a - +0 leather armour
rPois    .         Reflect  .   b - +0 helmet
rElec    .         Harm     .   (no cloak)
rCorr    .                      (no gloves)
MR       .....                  n - +1 pair of boots
Stlth    +.........             (no amulet)
HPRegen  0.16/turn              k - +4 ring of evasion
MPRegen  0.10/turn              (no ring)

@: no status effects
A: hooves 1, sharp scales 1
a: no special abilities


You escaped.
You visited 1 branch of the dungeon, and saw 5 of its levels.

You collected 251 gold pieces.

Inventory:

Missiles
 c - 3 throwing nets (quivered)
Armour
 a - a +0 leather armour (worn)
 b - a +0 helmet (worn)
 n - a +1 pair of boots (worn)
Jewellery
 k - a +4 ring of evasion (left hand)
Wands
 x - a wand of flame (18)
Scrolls
 d - 6 scrolls of remove curse {unknown}
 f - 5 scrolls of teleportation {unknown}
 i - 5 scrolls of magic mapping
 l - a scroll of noise
 m - 5 scrolls of identify {unknown}
 p - a scroll of enchant armour {unknown}
 r - 3 scrolls of fog {unknown}
 s - 2 scrolls of blinking {unknown}
 w - a scroll of immolation {unknown}
Potions
 e - a potion of cancellation {unknown}
 g - 2 potions of degeneration
 j - a potion of resistance {unknown}
 o - a potion of mutation {unknown}
 q - a potion of heal wounds
 t - 2 potions of curing {unknown}
 u - a potion of haste {unknown}
 v - 2 potions of stabbing {unknown}


   Skills:
 + Level 4.1 Fighting
 - Level 2.0 Throwing
 - Level 2.6 Dodging
 * Level 5.5 Unarmed Combat


You had 5 spell levels left.
You didn't know any spells.
Your spell library was empty.

Dungeon Overview and Level Annotations

Branches:
Dungeon (5/15)
 Temple: D:4-7

Altars:
Sif Muna


Innate Abilities, Weirdness & Mutations

You have large cloven feet.
You are partially covered in razor-sharp scales. (AC +1, Slay +1)


Message History

There is a stone staircase leading up here.
You climb upwards.
There is a stone staircase leading down here.
You feel yourself speed up.
You see here 15 stones.
HP restored.
You recover from your berserk rage.
There is a stone staircase leading up here.
You climb upwards.
There is a stone staircase leading down here.
There is a stone staircase leading up here.
You climb upwards.
HP restored.
There is a stone staircase leading down here.
There is a stone staircase leading up here.
You climb upwards.
There is a stone staircase leading down here.
There is an open door here.
There is a staircase leading out of the dungeon here.
Are you sure you want to leave the Dungeon?
This will make you lose the game!
You have escaped!

......####.#...........##.#.###.#
##########.#...........##.#......
...........#...........##.#####.#
############......(..............
#...........###.####.#
#...###.....#....# #.#
#..##.##....#....# #.#
#..#...#....#....# #.#
#..+.@.'....#....# #.# #####
#..#...#....###'## #.# ....#
#..##.##....# #.# #.# ....#
#...###.....###.####.# ....#
#...............#..... ....#
#...........#####.#### ....#
#..........>.......... ....#
#.###############.###. ....# #.#
#.# #.


There were no monsters in sight!

Vanquished Creatures
  An ogre (D:5)
  A scorpion (D:5)
  A hound (D:5)
  Terence (D:2)
  3 gnolls (D:2)
  2 howler monkey skeletons (D:4)
  A shadow imp (D:5)
  An ufetubus (D:4)
  An ooze (D:1)
  An adder skeleton (D:3)
  3 worms (D:2)
  3 dart slugs
  4 leopard geckos
  2 orcs (D:3)
  10 bats
  6 giant cockroaches
  10 goblins
  7 hobgoblins
  6 jackals
  3 quokkas (D:2)
  A ball python (D:2)
  4 frilled lizards
  6 kobolds
  8 rats
86 creatures vanquished.

Notes
Turn   | Place    | Note
-------+----------+-------------------------------------------
     0 | D:1      | Alarkh the Demonspawn Gladiator began the quest for the
                  | Orb.
     0 | D:1      | Reached XP level 1. HP: 16/16 MP: 1/1
   108 | D:1      | Reached skill level 3 in Unarmed Combat
   216 | D:1      | Gained mutation: You are partially covered in razor-sharp
                  | scales. (AC +1, Slay +1) [demonic ancestry]
   216 | D:1      | Reached XP level 2. HP: 18/22 MP: 2/2
   753 | D:1      | Reached XP level 3. HP: 28/28 MP: 3/3
  1095 | D:2      | Found a shimmering blue altar of Sif Muna.
  1146 | D:2      | Noticed Terence
  1191 | D:2      | Killed Terence
  1191 | D:2      | Reached skill level 4 in Unarmed Combat
  1232 | D:2      | Reached XP level 4. HP: 24/34 MP: 4/4
  2235 | D:3      | Reached XP level 5. HP: 40/41 MP: 5/5
  3807 | D:5      | Entered Level 5 of the Dungeon
  3827 | D:5      | Noticed an ogre
  3835 | D:5      | Reached skill level 5 in Unarmed Combat
  3846 | D:5      | Killed an ogre
  3846 | D:5      | Gained mutation: You have large cloven feet. [demonic
                  | ancestry]
  3846 | D:5      | Reached XP level 6. HP: 45/48 MP: 6/6
  3977 | D:$      | Got out of the dungeon alive.

Illustrated notes

Levels and vault maps discovered:
D:1:      dpeg_arrival_shelter, layout_basic, minmay_misc_feat_room,
          grunt_decor_mini_mirrors
D:2:      layout_basic, lemuel_crystal_altar, uniq_terence
D:3:      minmay_angry_zag, layout_basic, minmay_misc_feat_nine_boxes
D:4:      layout_basic, minmay_misc_feat_encased
D:5:      layout_rooms, temple_doors_ab, uniq_duvessa

Skill      XL: |  1  2  3  4  5 |
---------------+----------------+-----
Unarmed Combat | 3 4 5 |  5.5
Fighting       | 3 4 |  4.1
Throwing       | 2 |  2.0
Dodging        | |  2.6

Action                   |  1- 3 |  4- 6 || total
-------------------------+-------+-------++-------
Melee: Unarmed           |   132 |   223 ||   355
       Punch             |     2 |     3 ||     5
  Use: Potion            |     2 |     4 ||     6
       Scroll            |       |     2 ||     2
Armor: Leather armour    |    22 |    51 ||    73
Dodge: Dodged            |   100 |   192 ||   292

Table legend: (Time is in decaauts)
 A = Elapsed time spent in this place.
 B = Non-inter-level travel time spent in this place.
 C = Inter-level travel time spent in this place.
 D = Time resting spent in this place.
 E = Time spent auto-exploring this place.
 F = Levels seen in this place.
 G = Mean time per level.
                   A        B        C        D        E       F      G
               +--------+--------+--------+--------+--------+-----+--------+
         Total |   3966 |   3725 |    241 |     41 |   3096 |   5 |  793.2 |
       Dungeon |   3966 |   3725 |    241 |     41 |   3096 |   5 |  793.2 |
               +--------+--------+--------+--------+--------+-----+--------+

Top non-repeatable levels by time:
     D:2: 1143 daAuts
     D:1: 1005 daAuts
     D:3: 1001 daAuts
     D:4: 752 daAuts
     D:5: 64 daAuts
